 Dungeon Crawl Stone Soup version 0.21.1-1-g345015f (webtiles) character file.

25 tidbits the Sneak (level 3, -2/25 HPs)
             Began as a Gnoll Enchanter on June 9, 2018.
             Slain by Grinder (9 damage)
             ... while paralysed by Grinder
             ... on level 3 of the Dungeon.
             The game lasted 00:03:20 (340 turns).

tidbits the Sneak (Gnoll Enchanter)                  Turns: 340, Time: 00:03:20

Health: -2/25      AC:  2    Str: 10    XL:     3   Next: 6%
Magic:  9/9        EV:  2    Int: 18    God:
Gold:   103        SH:  0    Dex: 15    Spells: 8/11 levels left

rFire    . . .     SeeInvis .   a - +1 dagger
rCold    . . .     Gourm    .   (no shield)
rNeg     . . .     Faith    .   b - +0 robe
rPois    .         Spirit   .   (no helmet)
rElec    .         Reflect  .   (no cloak)
rCorr    .         Harm     .   (no gloves)
MR       .....                  (no boots)
Stlth    +++.......             (no amulet)
HPRegen  0.08/turn              (no ring)
MPRegen  0.11/turn              (no ring)

@: paralysed, lethally poisoned (-2 -> -9)
A: distributed training, fangs 1, strong nose
a: no special abilities


You were on level 3 of the Dungeon.
You were not hungry.

You visited 1 branch of the dungeon, and saw 3 of its levels.

You collected 103 gold pieces.

Inventory:

Hand Weapons
 a - a +1 dagger (weapon)
Armour
 b - a +0 robe (worn)
Scrolls
 e - 4 scrolls of teleportation {unknown}
 g - a scroll of enchant armour {unknown}
Books
 c - a book of Maledictions

   Spells                             Type                      Level
   a - Corona                         Hexes                        1
   b - Ensorcelled Hibernation        Hexes/Ice                    2
   c - Confuse                        Hexes                        3
   d - Tukima's Dance                 Hexes                        3
   e - Dazzling Spray                 Conjuration/Hexes            3
Comestibles
 d - 2 rations


   Skills:
 + Level 0.5 Fighting
 + Level 2.5 Short Blades
 + Level 0.5 Long Blades
 + Level 0.5 Axes
 + Level 0.5 Maces & Flails
 + Level 0.5 Polearms
 + Level 0.5 Staves
 + Level 0.5 Slings
 + Level 0.5 Bows
 + Level 0.5 Crossbows
 + Level 0.5 Throwing
 + Level 0.5 Armour
 + Level 4.5 Dodging
 + Level 5.9 Stealth
 + Level 0.5 Shields
 + Level 0.5 Unarmed Combat
 + Level 4.9 Spellcasting
 + Level 0.4 Conjurations
 + Level 5.4 Hexes
 + Level 0.4 Charms
 + Level 0.4 Summonings
 + Level 0.4 Necromancy
 + Level 0.4 Translocations
 + Level 0.4 Transmutations
 + Level 0.4 Fire Magic
 + Level 0.4 Ice Magic
 + Level 0.4 Air Magic
 + Level 0.4 Earth Magic
 + Level 0.4 Poison Magic
 + Level 0.7 Invocations
 + Level 0.5 Evocations


You had 8 spell levels left.
You knew the following spells:

 Your Spells              Type           Power        Failure   Level  Hunger
a - Corona                Hex            ###....      1%          1    None
e - Ensorcelled Hibernat  Hex/Ice        ##....       6%          2    #......


Dungeon Overview and Level Annotations

Branches:
Dungeon (3/15)

Altars:

Annotations:
D:2 Jessica, Natasha
D:3 Grinder


Innate Abilities, Weirdness & Mutations

Your experience applies equally to all skills.
You have very sharp teeth.
Your uncanny sense of smell can sniff out nearby items.


Message History

Aim: a kobold (chance to defeat MR: 62%)
The kobold looks drowsy...
The helpless kobold fails to defend itself.
You impale the kobold!!
You kill the kobold!
Casting: Ensorcelled Hibernation
Confirm with . or Enter, or press ? or * to list all spells.
You don't have enough magic to cast that spell.
Casting: Ensorcelled Hibernation
Confirm with . or Enter, or press ? or * to list all spells.
Aiming: Corona
Press: ? - help, Shift-Dir - straight line, f - kobold
Aim: a kobold, wielding a club (chance to defeat MR: 77%)
The kobold is outlined in light.
The kobold misses you.
You hit the kobold.
The kobold is severely wounded.
The kobold misses you.
You closely miss the kobold.
The kobold is heavily wounded.
The kobold hits you with a club.
You hit the kobold but do no damage.
The kobold is heavily wounded.
The kobold misses you.
You hit the kobold.
You kill the kobold!
Things that are here:
a club; a kobold corpse x2
Found an escape hatch in the floor.
A kobold comes into view. It is wielding an enchanted dagger.
The kobold shouts!
You hear a bark! x3
Found a white potion.
Found a stone staircase leading down.
Found 11 arrows.
The kobold throws a stone.
The stone hits you but does no damage.
A rat comes into view.
The kobold hits you but does no damage.
Found a short sword.
A jackal comes into view.
Casting: Corona
Confirm with . or Enter, or press ? or * to list all spells.
Aiming: Ensorcelled Hibernation
Press: ? - help, Shift-Dir - straight line, f - kobold
Aim: a kobold, wielding an enchanted dagger (chance to defeat MR: 62%)
The kobold looks drowsy...
The helpless kobold fails to defend itself.
You impale the kobold!!
You kill the kobold!
You have reached level 3!
Your experience leads to an increase in your attributes!
Increase (S)trength, (I)ntelligence, or (D)exterity?
You feel clever. The jackal completely misses you.
You barely miss the jackal. The jackal closely misses you.
You hit the jackal. Your bite misses the jackal.
The jackal is lightly wounded.
The jackal bites you. The jackal barely misses you.
There is an escape hatch in the floor here.
You hit the jackal.
The jackal is severely wounded.
The jackal closely misses you.
You hit the jackal.
You kill the jackal!
The jackal bites you. The jackal barely misses you.
You slide downwards.
The hatch slams shut behind you.
A kobold and Grinder come into view.
Found 3 scrolls labeled EDUDOF YXA and a ration.
Found an escape hatch in the ceiling.
Unknown command.
It was a potion of ambrosia.
You are confused.
You feel invigorated. The jackal misses you.
A scorpion comes into view.
The jackal misses you. The jackal barely misses you.
Grinder blinks!
Unknown command.
The kobold shouts!
A quokka comes into view.
You feel less invigorated.
You feel less confused.
Grinder says, "There's only one good use for a tongue: cutting it out."
The jackal barely misses you. The kobold barely misses you.
Grinder blinks!
The kobold closely misses you. Grinder gestures at you.
You suddenly lose the ability to move!
The kobold hits you. The jackal bites you. The quokka bites you.
The jackal bites you but does no damage.
The kobold hits you. The jackal bites you.
The quokka bites you but does no damage.
The kobold hits you but does no damage. The scorpion stings you.
* * * LOW HITPOINT WARNING * * *
You are poisoned.
The scorpion poisons you!
You feel sick. The jackal bites you.
* * * LOW HITPOINT WARNING * * *
The quokka bites you but does no damage.
Grinder hits you!
You die...

######### #######
#.......# .......
+.......#####.......
#...................
#...................
#......hK...........
#......r@s..........
#......5##..........
##+#######......%...
...s.........
..<..###.......
..... ....... .....
####### ..... ##.


You could see Grinder, a scorpion, a quokka, a jackal and a kobold.

Vanquished Creatures
  2 dart slugs
  2 giant cockroaches (D:1)
  A goblin (D:1)
  2 hobgoblins (D:1)
  2 jackals (D:2)
  6 kobolds
  5 rats (D:1)
  A fungus (D:1)
21 creatures vanquished.

Notes
Turn   | Place    | Note
-------+----------+-------------------------------------------
     0 | D:1      | tidbits the Gnoll Enchanter began the quest for the Orb.
     0 | D:1      | Reached XP level 1. HP: 13/13 MP: 6/6
   109 | D:2      | Noticed Natasha
   109 | D:2      | Noticed Jessica
   183 | D:1      | Reached XP level 2. HP: 16/19 MP: 7/7
   196 | D:1      | Learned a level 2 spell: Ensorcelled Hibernation
   319 | D:2      | Reached XP level 3. HP: 22/25 MP: 1/9
   330 | D:3      | Noticed Grinder
   332 | D:3      | Noticed a scorpion
   337 | D:3      | Paralysed by Grinder for 7 turns
   340 | D:3      | Slain by Grinder

Action                   || total
-------------------------++-------
Melee: Dagger            ||    60
       Bite              ||     7
 Cast: Corona            ||     3
       Ensorcelled Hiber ||     6
  Use: Potion            ||     1
 Stab: Sleeping          ||     9
Armor: Robe              ||     9
Dodge: Dodged            ||    34

Table legend:
 A = Turns spent in this place as a percentage of turns spent in the entire game.
 B = Non-inter-level travel turns spent in this place as a percentage of non-inter-level travel turns spent in the entire game.
 C = Inter-level travel turns spent in this place as a percentage of turns spent in this place.
 D = Turns resting spent in this place as a percentage of non-inter-level travel turns spent in this place.
 E = Turns spent auto-exploring this place as a percentage of non-inter-level travel turns spent in this place.
 F = Non-inter-level travel turns spent in this place divided by the number of levels of this place that you've seen.
                   A       B       C       D       E      F
               +-------+-------+-------+-------+-------+----------------------
         Total | 100.0 | 100.0 |   0.0 |   0.0 |   0.0 | 113.3
       Dungeon | 100.0 | 100.0 |   0.0 |   0.0 |   0.0 | 113.3
               +-------+-------+-------+-------+-------+----------------------

Table legend:
 A = Kills in this place as a percentage of kills in entire the game.
 B = Kills by you in this place as a percentage of kills by you in the entire game.
 C = Kills by friends in this place as a percentage of kills by friends in the entire game.
 D = Other kills in this place as a percentage of other kills in the entire game.
 E = Experience gained in this place as a percentage of experience gained in the entire game.
 F = Experience gained in this place divided by the number of levels of this place that you have seen.
                   A       B       C       D       E      F
               +-------+-------+-------+-------+-------+----------------------
         Total | 100.0 | 100.0 |   N/A |   N/A | 100.0 |  12.3
       Dungeon | 100.0 | 100.0 |   N/A |   N/A | 100.0 |  12.3
               +-------+-------+-------+-------+-------+----------------------

Vault maps used:
D:1:      dpeg_arrival_windows_large_door, minmay_gold_behind_fungi,
          minmay_crystal_water
D:2:      chequers_ecumenical_altar_island, serial_park_tiny_2,
          minmay_shallow_snake_nest, uniq_natasha, uniq_jessica
D:3:      nicolae_overflow_crystal_walls, marbit_many_paths, uniq_grinder
